General information
- name: BNet
- type: Ladder team game (AT/RT)
- host: Battle.net
- saver: TurtleKing
map: Deadlands
- players: 8
- length: 80:03
- speed: Fast
- version: 1.26 W3XP
- replay type: Public
» download(338 KB)
Players
team 1 (loser)
SANE-SOUL (
teal | 49 APM | 3957 actions | 80:03)
9 Archmage
3 Summon Water Elemental
3 Brilliance Aura
1 Mass Teleport
2 Blizzard
4 Mountain King
2 Storm Bolt
2 Bash
» actions
| Assign group hotkey | 70 | |
| Basic commands | 21 | |
| Build / train | 126 | |
| Enter build submenu | 27 | |
| Enter hero's abilities submenu | 13 | |
| Give item / drop item | 10 | |
| Remove unit from queue | 1 | |
| Right click | 1621 | |
| Select / deselect | 474 | |
| Select group hotkey | 1317 | |
| Use ability | 277 | |
3957 total
» units
| Peasant | 17 | |
| Footman | 5 | |
| Goblin Shredder | 1 | |
| Gryphon Rider | 5 | |
| Dragonhawk Rider | 6 | |
| Goblin Sapper | 8 | |
| Fel Beast | 1 | |
| Draenei Disciple | 1 | |
| Voidwalker | 1 | |
| Draenei Darkslayer | 1 | |
| Goblin Zeppelin | 1 | |
47 total
» upgrades
| Masonry | 3 | |
| Swords | 2 | |
| Armor | 2 | |
| Storm Hammers | 1 | |
| Cloud | 1 | |
9 total
» buildings
| Altar of Kings | 1 | |
| Barracks | 1 | |
| Farm | 11 | |
| Scout Tower | 27 | |
| Town Hall | 4 | |
| Lumber Mill | 1 | |
| Arcane Tower | 1 | |
| Guard Tower | 16 | |
| Keep | 2 | |
| Blacksmith | 1 | |
| Castle | 1 | |
| Gryphon Aviary | 3 | |
| Arcane Vault | 2 | |
71 total
» build order
00:11 Altar of Kings
00:24 Barracks
00:39 Farm
00:55 Farm
01:33 Farm
01:41 Scout Tower
03:31 Farm
03:53 Town Hall
03:55 Scout Tower
03:55 Scout Tower
03:57 Scout Tower
04:16 Lumber Mill
04:28 Arcane Tower
05:34 Guard Tower
05:34 Guard Tower
05:50 Guard Tower
06:16 Keep
06:24 Scout Tower
06:24 Scout Tower
06:24 Scout Tower
06:26 Scout Tower
06:28 Scout Tower
06:57 Guard Tower
07:01 Guard Tower
07:06 Scout Tower
07:06 Scout Tower
07:07 Scout Tower
07:07 Scout Tower
07:33 Guard Tower
07:39 Blacksmith
08:13 Guard Tower
08:22 Farm
08:22 Farm
08:23 Farm
08:24 Farm
08:39 Castle
08:42 Gryphon Aviary
08:45 Gryphon Aviary
09:20 Farm
09:52 Gryphon Aviary
10:56 Arcane Vault
11:48 Farm
11:48 Farm
14:36 Scout Tower
14:36 Scout Tower
14:36 Scout Tower
14:38 Scout Tower
14:38 Scout Tower
14:38 Scout Tower
15:15 Guard Tower
15:36 Guard Tower
16:48 Guard Tower
16:48 Guard Tower
17:17 Arcane Vault
17:21 Scout Tower
17:22 Scout Tower
17:22 Scout Tower
17:22 Scout Tower
17:23 Scout Tower
17:25 Scout Tower
17:25 Scout Tower
17:26 Scout Tower
18:12 Town Hall
18:24 Guard Tower
19:41 Guard Tower
23:26 Town Hall
25:07 Town Hall
26:01 Guard Tower
50:02 Keep
» items
| Scroll of Regeneration | 11 | |
| Lesser Clarity Potion | 2 | |
| Staff of Teleportation | 2 | |
| Boots of Speed | 1 | |
| Scroll of Town Portal | 6 | |
| Staff of Sanctuary | 1 | |
| Mechanical Critter | 2 | |
| Potion of Lesser Invulnerability | 2 | |
| Potion of Healing | 3 | |
| Scroll of Healing | 2 | |
| Dust of Appearance | 1 | |
33 total

»
CaliSwag (
green | 30 APM | 1906 actions | 63:22)
4 Blademaster
2 Wind Walk
2 Critical Strike
» actions
| Assign group hotkey | 172 | |
| Basic commands | 57 | |
| Build / train | 45 | |
| ESC pressed | 1 | |
| Enter build submenu | 19 | |
| Enter hero's abilities submenu | 4 | |
| Give item / drop item | 2 | |
| Right click | 922 | |
| Select / deselect | 379 | |
| Select group hotkey | 210 | |
| Use ability | 95 | |
1906 total
» units
» upgrades
» buildings
| Altar of Storms | 1 | |
| Orc Burrow | 6 | |
| Voodoo Lounge | 1 | |
| Stronghold | 1 | |
| Beastiary | 3 | |
| Fortress | 1 | |
| War Mill | 1 | |
| Watch Tower | 2 | |
16 total
» build order
00:06 Altar of Storms
00:16 Orc Burrow
00:40 Voodoo Lounge
02:27 Stronghold
02:41 Orc Burrow
03:40 Orc Burrow
03:57 Orc Burrow
04:48 Beastiary
04:50 Beastiary
04:52 Beastiary
06:00 Fortress
08:55 Orc Burrow
09:20 War Mill
12:19 Orc Burrow
13:35 Watch Tower
14:54 Watch Tower
» items
| Healing Salve | 2 | |
| Lesser Clarity Potion | 8 | |
| Scroll of Speed | 1 | |
| Boots of Speed | 1 | |
| Circlet of Nobility | 2 | |
| Potion of Healing | 2 | |
| Orb of Lightning | 1 | |
| Scroll of Town Portal | 1 | |
| Potion of Lesser Invulnerability | 2 | |
20 total
Newbs- (
purple | 27 APM | 1150 actions | 43:14)
5 Blood Mage
3 Flame Strike
2 Siphon Mana
» actions
| Basic commands | 65 | |
| Build / train | 99 | |
| Enter build submenu | 32 | |
| Enter hero's abilities submenu | 5 | |
| Give item / drop item | 2 | |
| Right click | 373 | |
| Select / deselect | 466 | |
| Use ability | 108 | |
1150 total
» units
| Peasant | 19 | |
| Mortar Team | 35 | |
| Siege Engine | 11 | |
65 total
» upgrades
| Gunpowder | 3 | |
| Armor | 2 | |
| Lumber Harvesting | 1 | |
| Flare | 1 | |
| Fragmentation Shards | 1 | |
| Masonry | 3 | |
| Barrage | 1 | |
| Plating | 2 | |
| Cloud | 1 | |
15 total
» buildings
| Farm | 8 | |
| Altar of Kings | 1 | |
| Lumber Mill | 1 | |
| Scout Tower | 7 | |
| Arcane Tower | 1 | |
| Keep | 1 | |
| Blacksmith | 1 | |
| Castle | 1 | |
| Workshop | 3 | |
| Arcane Vault | 1 | |
| Guard Tower | 3 | |
| Gryphon Aviary | 3 | |
| Town Hall | 3 | |
34 total
» build order
00:29 Farm
00:42 Altar of Kings
01:00 Lumber Mill
01:12 Farm
01:55 Scout Tower
02:28 Arcane Tower
02:54 Keep
02:58 Blacksmith
03:15 Farm
03:27 Farm
03:54 Farm
04:13 Farm
04:17 Farm
05:16 Castle
05:23 Workshop
05:29 Workshop
05:35 Workshop
10:10 Arcane Vault
12:15 Farm
16:34 Scout Tower
16:35 Scout Tower
16:48 Scout Tower
16:52 Scout Tower
17:23 Guard Tower
17:32 Scout Tower
18:11 Guard Tower
18:19 Scout Tower
18:53 Guard Tower
22:34 Gryphon Aviary
22:36 Gryphon Aviary
22:39 Gryphon Aviary
22:50 Town Hall
26:32 Town Hall
31:06 Town Hall
» items
| Scroll of Town Portal | 4 | |
| Healing Salve | 2 | |
| Potion of Healing | 1 | |
7 total

»
KillerConrad (
blue | 40 APM | 1661 actions | 41:10)
5 Mountain King
3 Storm Bolt
2 Bash
2 Paladin
1 Holy Light
1 Devotion Aura
» actions
| Assign group hotkey | 39 | |
| Basic commands | 75 | |
| Build / train | 154 | |
| Enter build submenu | 22 | |
| Enter hero's abilities submenu | 8 | |
| Give item / drop item | 3 | |
| Remove unit from queue | 13 | |
| Right click | 476 | |
| Select / deselect | 552 | |
| Select group hotkey | 226 | |
| Use ability | 93 | |
1661 total
» units
| Peasant | 31 | |
| Footman | 3 | |
| Rifleman | 21 | |
| Knight | 19 | |
| Siege Engine | 4 | |
| Flying Machine | -2 | |
| Mortar Team | 4 | |
80 total
» upgrades
| Gunpowder | 3 | |
| Armor | 3 | |
| Lumber Harvesting | 1 | |
| Masonry | 3 | |
| Long Rifles | 1 | |
| Animal War Training | 1 | |
| Swords | 3 | |
| Plating | 3 | |
| Barrage | 1 | |
| Flying Machine Bombs | 0 | |
| Flak Cannons | 0 | |
| Fragmentation Shards | 1 | |
| Flare | 1 | |
21 total
» buildings
| Barracks | 2 | |
| Altar of Kings | 1 | |
| Farm | 13 | |
| Blacksmith | 1 | |
| Lumber Mill | 1 | |
| Scout Tower | 12 | |
| Arcane Vault | 2 | |
| Guard Tower | 7 | |
| Keep | 3 | |
| Workshop | 2 | |
| Town Hall | 1 | |
| Castle | 4 | |
| Arcane Tower | 1 | |
50 total
» build order
00:08 Barracks
00:11 Altar of Kings
00:14 Farm
01:40 Farm
02:03 Blacksmith
02:24 Lumber Mill
02:34 Barracks
02:38 Scout Tower
02:39 Scout Tower
02:41 Scout Tower
02:43 Scout Tower
02:49 Farm
02:53 Farm
02:53 Farm
02:56 Farm
04:07 Farm
04:09 Farm
04:12 Scout Tower
04:14 Scout Tower
04:18 Arcane Vault
06:17 Guard Tower
07:04 Keep
07:04 Keep
07:04 Keep
07:36 Farm
07:37 Farm
07:40 Farm
07:43 Scout Tower
08:31 Guard Tower
10:04 Guard Tower
12:30 Guard Tower
13:30 Workshop
13:36 Workshop
14:38 Town Hall
14:47 Scout Tower
14:50 Scout Tower
14:51 Scout Tower
14:55 Scout Tower
14:57 Scout Tower
15:09 Castle
15:09 Castle
15:09 Castle
15:09 Castle
16:53 Arcane Tower
16:57 Guard Tower
17:00 Guard Tower
17:02 Guard Tower
22:58 Farm
22:59 Farm
36:27 Arcane Vault
» items
| Scroll of Regeneration | 4 | |
| Orb of Fire | 1 | |
| Scroll of Town Portal | 2 | |
| Potion of Healing | 1 | |
8 total
team 2 (winner)
TurtleKing (
yellow | 46 APM | 3664 actions | 80:03)
10 Mountain King
3 Storm Bolt
3 Bash
1 Avatar
3 Thunder Clap
» actions
| Assign group hotkey | 435 | |
| Basic commands | 146 | |
| Build / train | 144 | |
| Enter build submenu | 54 | |
| Enter hero's abilities submenu | 10 | |
| Give item / drop item | 20 | |
| Remove unit from queue | 1 | |
| Right click | 1569 | |
| Select / deselect | 496 | |
| Select group hotkey | 587 | |
| Use ability | 202 | |
3664 total
» units
| Peasant | 18 | |
| Footman | 5 | |
| Goblin Shredder | 1 | |
| Gryphon Rider | 13 | |
37 total
» upgrades
| Swords | 3 | |
| Armor | 3 | |
| Animal War Training | 1 | |
| Storm Hammers | 1 | |
| Masonry | 3 | |
| Cloud | 1 | |
| Gunpowder | 2 | |
| Plating | 2 | |
16 total
» buildings
| Altar of Kings | 1 | |
| Barracks | 2 | |
| Farm | 5 | |
| Arcane Vault | 3 | |
| Scout Tower | 36 | |
| Keep | 1 | |
| Arcane Tower | 1 | |
| Lumber Mill | 1 | |
| Town Hall | 4 | |
| Guard Tower | 7 | |
| Castle | 1 | |
| Blacksmith | 2 | |
| Gryphon Aviary | 4 | |
68 total
» build order
00:42 Altar of Kings
00:43 Barracks
00:50 Barracks
00:52 Farm
00:54 Farm
01:03 Farm
01:40 Farm
02:58 Arcane Vault
03:35 Scout Tower
04:02 Keep
04:06 Arcane Tower
04:23 Lumber Mill
05:19 Town Hall
05:21 Scout Tower
05:22 Scout Tower
05:23 Scout Tower
05:24 Scout Tower
05:53 Guard Tower
05:54 Guard Tower
07:25 Castle
07:26 Blacksmith
07:28 Blacksmith
07:44 Arcane Vault
08:18 Scout Tower
08:19 Scout Tower
08:19 Scout Tower
09:08 Guard Tower
11:31 Gryphon Aviary
11:31 Gryphon Aviary
11:33 Gryphon Aviary
11:35 Gryphon Aviary
13:58 Scout Tower
14:00 Scout Tower
14:02 Scout Tower
16:42 Scout Tower
16:43 Scout Tower
16:43 Scout Tower
16:43 Scout Tower
16:44 Scout Tower
16:44 Scout Tower
16:45 Scout Tower
17:22 Farm
17:59 Scout Tower
17:59 Scout Tower
18:00 Scout Tower
18:00 Scout Tower
18:02 Scout Tower
18:04 Scout Tower
18:05 Scout Tower
18:05 Scout Tower
19:07 Guard Tower
23:25 Guard Tower
27:12 Town Hall
27:22 Scout Tower
27:23 Scout Tower
27:24 Scout Tower
27:24 Scout Tower
27:25 Scout Tower
27:25 Scout Tower
27:26 Scout Tower
27:26 Scout Tower
27:31 Arcane Vault
28:23 Guard Tower
28:27 Guard Tower
38:07 Town Hall
39:44 Town Hall
» items
| Scroll of Regeneration | 16 | |
| Lesser Clarity Potion | 8 | |
| Scroll of Town Portal | 11 | |
| Potion of Mana | 7 | |
| Potion of Healing | 9 | |
| Mechanical Critter | 2 | |
| Boots of Speed | 1 | |
| Staff of Sanctuary | 3 | |
| Orb of Lightning | 1 | |
| Orb of Fire | 1 | |
| Periapt of Vitality | 2 | |
| Staff of Teleportation | 2 | |
| Potion of Lesser Invulnerability | 1 | |
| Potion of Invisibility | 2 | |
| Dust of Appearance | 1 | |
67 total
YeTi (
orange | 20 APM | 1568 actions | 80:03)
7 Death Knight
3 Death Coil
3 Unholy Aura
1 Animate Dead
» actions
| Basic commands | 17 | |
| Build / train | 67 | |
| Enter build submenu | 41 | |
| Enter hero's abilities submenu | 7 | |
| Give item / drop item | 3 | |
| Remove unit from queue | 1 | |
| Right click | 872 | |
| Select / deselect | 473 | |
| Use ability | 85 | |
1568 total
» units
| Acolyte | 4 | |
| Ghoul | 3 | |
| Crypt Fiend | 9 | |
| Obsidian Statue | 2 | |
| Gargoyle | 9 | |
| Peasant | 5 | |
32 total
» upgrades
| Creature Attack | 2 | |
| Creature Carapace | 2 | |
| Web | 1 | |
5 total
» buildings
| Altar of Darkness | 1 | |
| Ziggurat | 9 | |
| Crypt | 2 | |
| Graveyard | 1 | |
| Nerubian Tower | 1 | |
| Spirit Tower | 3 | |
| Halls of the Dead | 1 | |
| Tomb of Relics | 1 | |
| Slaughterhouse | 1 | |
| Lumber Mill | 2 | |
| Scout Tower | 11 | |
| Guard Tower | 3 | |
| Town Hall | 1 | |
| Farm | 2 | |
| Altar of Kings | 1 | |
| Arcane Tower | 1 | |
| Arcane Vault | 1 | |
42 total
» build order
00:08 Altar of Darkness
00:11 Ziggurat
00:34 Crypt
00:59 Ziggurat
01:32 Graveyard
01:40 Nerubian Tower
02:00 Crypt
02:47 Ziggurat
02:59 Ziggurat
03:32 Spirit Tower
06:34 Halls of the Dead
07:38 Spirit Tower
07:41 Spirit Tower
07:47 Ziggurat
08:02 Tomb of Relics
12:03 Slaughterhouse
17:55 Ziggurat
17:59 Ziggurat
18:01 Ziggurat
18:06 Ziggurat
24:43 Lumber Mill
24:49 Scout Tower
24:54 Scout Tower
24:57 Scout Tower
26:36 Guard Tower
26:43 Scout Tower
26:45 Scout Tower
34:41 Town Hall
41:12 Farm
42:06 Altar of Kings
42:09 Farm
43:45 Scout Tower
43:49 Lumber Mill
44:21 Arcane Tower
44:25 Scout Tower
48:11 Guard Tower
48:20 Scout Tower
48:24 Scout Tower
48:29 Scout Tower
48:36 Scout Tower
49:13 Arcane Vault
49:16 Guard Tower
» items
| Scroll of Town Portal | 5 | |
| Orb of Lightning | 2 | |
| Orb of Fire | 2 | |
| Potion of Healing | 1 | |
10 total
Yola_Way_Simon (
red | 47 APM | 555 actions | 11:41)
2 Blood Mage
1 Flame Strike
1 Siphon Mana
» actions
| Assign group hotkey | 3 | |
| Basic commands | 81 | |
| Build / train | 33 | |
| Enter build submenu | 17 | |
| Enter hero's abilities submenu | 2 | |
| Right click | 128 | |
| Select / deselect | 135 | |
| Select group hotkey | 115 | |
| Use ability | 41 | |
555 total
» units
» upgrades
» buildings
| Farm | 7 | |
| Altar of Kings | 1 | |
| Barracks | 1 | |
| Arcane Vault | 1 | |
| Scout Tower | 11 | |
| Town Hall | 2 | |
| Keep | 1 | |
| Lumber Mill | 1 | |
25 total
» build order
00:10 Farm
00:13 Altar of Kings
00:23 Farm
00:26 Barracks
01:52 Arcane Vault
02:03 Farm
02:53 Farm
05:52 Scout Tower
08:13 Town Hall
08:30 Farm
08:31 Farm
08:32 Farm
09:11 Town Hall
09:28 Keep
09:36 Scout Tower
09:36 Scout Tower
09:37 Scout Tower
09:37 Scout Tower
09:37 Scout Tower
09:38 Scout Tower
09:38 Scout Tower
09:39 Scout Tower
09:39 Scout Tower
09:39 Scout Tower
10:20 Lumber Mill
» items
| Scroll of Regeneration | 1 | |
| Lesser Clarity Potion | 1 | |
2 total
masterofsex (
pink | 26 APM | 2111 actions | 80:03)
10 Blademaster
3 Wind Walk
3 Critical Strike
1 Bladestorm
3 Mirror Image
» actions
| Basic commands | 58 | |
| Build / train | 114 | |
| Enter build submenu | 28 | |
| Enter hero's abilities submenu | 10 | |
| Give item / drop item | 4 | |
| Remove unit from queue | 2 | |
| Right click | 1087 | |
| Select / deselect | 629 | |
| Use ability | 174 | |
2111 total
» units
| Peon | 25 | |
| Grunt | 2 | |
| Troll Headhunter/Berserker | 11 | |
| Shaman | 5 | |
| Wind Rider | 3 | |
| Troll Batrider | 9 | |
| Troll Witch Doctor | 2 | |
| Demolisher | 2 | |
59 total
» upgrades
| Ranged Weapons | 3 | |
| Armor | 2 | |
| Troll Regeneration | 1 | |
| Shaman Training | 2 | |
| Reinforced Defenses | 1 | |
| Witch Doctor Training | 2 | |
| Burning Oil | 1 | |
| Liquid Fire | 1 | |
13 total
» buildings
| Altar of Storms | 1 | |
| Orc Burrow | 4 | |
| Barracks | 1 | |
| Voodoo Lounge | 1 | |
| Stronghold | 1 | |
| War Mill | 2 | |
| Watch Tower | 9 | |
| Fortress | 1 | |
| Spirit Lodge | 2 | |
| Beastiary | 2 | |
| Great Hall | 5 | |
29 total
» build order
00:10 Altar of Storms
00:15 Orc Burrow
00:58 Orc Burrow
01:39 Barracks
01:53 Voodoo Lounge
03:10 Stronghold
03:15 War Mill
03:35 War Mill
03:57 Orc Burrow
04:59 Watch Tower
06:10 Watch Tower
08:13 Watch Tower
08:15 Fortress
08:30 Orc Burrow
09:03 Spirit Lodge
09:13 Watch Tower
09:24 Watch Tower
09:39 Watch Tower
10:34 Spirit Lodge
12:22 Beastiary
14:01 Great Hall
16:14 Great Hall
16:21 Great Hall
17:55 Watch Tower
17:57 Watch Tower
18:01 Watch Tower
19:49 Beastiary
29:38 Great Hall
42:11 Great Hall
» items
| Lesser Clarity Potion | 12 | |
| Healing Salve | 5 | |
| Scroll of Town Portal | 3 | |
| Orb of Lightning | 1 | |
| Potion of Healing | 2 | |
| Staff of Teleportation | 1 | |
24 total
Chat log
(01:17 / Allies) YeTi: rush ?
(01:25 / Allies) TurtleKing: Not me
(01:33 / Allies) YeTi: k
(01:59 / All) SANE-SOUL: omg warren sapp got arrested
(02:03 / All) SANE-SOUL: NO MORE
(02:11 / All) TurtleKing: soliciting hookers like a typical coon
(02:22 / All) masterofsex: i am coon
(02:35 / All) Newbs-: the coons and the goons
(02:40 / All) Newbs-: ever heard that one?
(05:23 / All) masterofsex: coon operator
(07:26 / Allies) Yola_Way_Simon: fucking bm
(07:47 / All) masterofsex: lmao
(08:25 / Allies) YeTi: he tech
(08:26 / Allies) TurtleKing: bats
(08:36 / Allies) TurtleKing: orange
(08:37 / Allies) TurtleKing: got web?
(08:42 / Allies) TurtleKing: repair
(08:43 / Allies) TurtleKing: red
(08:44 / Allies) TurtleKing: repair
(08:45 / Allies) TurtleKing: repair
(08:45 / Allies) YeTi: nope
(08:45 / Allies) TurtleKing: repair
(08:46 / Allies) TurtleKing: repair
(08:47 / Allies) TurtleKing: repoair
(08:48 / Allies) TurtleKing: repair
(08:50 / Allies) TurtleKing: REPAIOR
(08:55 / Allies) TurtleKing: MASS
(08:56 / Allies) TurtleKing: MASS
(08:57 / Allies) TurtleKing: MASS
(09:02 / Allies) TurtleKing: ON GOLD RPEAIOR
(09:11 / Allies) YeTi: wow
(09:18 / All) TurtleKing: No way you should have got that
(09:41 / Allies) TurtleKing: for future reference
(09:47 / Allies) TurtleKing: pull all peons and use r key
(09:49 / Allies) TurtleKing: even on gold
(10:17 / Allies) TurtleKing: make 3 towers at your hall
(10:29 / Allies) YeTi: why not at base
(10:34 / Allies) TurtleKing: yes
(10:35 / Allies) TurtleKing: at your hall
(11:07 / All) TurtleKing: this is a low ELL newb game and I went mk first lol
(11:25 / All) SANE-SOUL: lalw
(11:30 / Allies) Yola_Way_Simon: yea bro i fucked up
(11:35 / Allies) Yola_Way_Simon: i cant do this shit
(11:50 / Allies) masterofsex: red faggot lol
(12:07 / Allies) YeTi: well he was useless
(13:17 / Allies) YeTi: get units ....
(13:38 / All) masterofsex: LOL
(13:43 / All) Newbs-: lag
(13:48 / All) masterofsex: yea ok
(13:54 / All) Newbs-: no bs
(13:59 / All) Newbs-: downloading a lot
(14:05 / All) masterofsex: gay porn
(14:11 / All) Newbs-: your mom in it
(14:13 / All) TurtleKing: green you're garbage
(14:19 / All) TurtleKing: you got lucky against 1-3 red you fucking faggot
(14:20 / All) masterofsex: oh shit i didntt know she did that
(14:35 / All) Newbs-: she keeps secrets from you
(14:40 / All) masterofsex: dam
(14:50 / All) TurtleKing: total fucking scum
(15:15 / All) TurtleKing: NOW WHAT NIGGEr
(15:42 / All) Newbs-: why would blue suicide
(15:45 / All) Newbs-: chimp
(16:02 / All) Newbs-: blue has chimp brains
(16:51 / All) TurtleKing: level 3 off bullshit
(17:02 / All) TurtleKing: COME ON FAGGOt
(17:34 / All) TurtleKing: green = scrub
(17:37 / All) TurtleKing: 2-2 faggot noob
(17:50 / All) TurtleKing: mh too
(20:21 / All) TurtleKing: tank scrub
(20:27 / All) masterofsex: im playing naked right now
(20:28 / All) TurtleKing: you suck purple
(20:32 / All) Newbs-: run more newb
(20:35 / All) TurtleKing: suck at a move tanks LOL
(20:41 / All) TurtleKing: YEah run from yoru a move tanks retard
(21:11 / Allies) YeTi: fucking play as a team ffs
(21:17 / Allies) TurtleKing: I pinged right side 50 times
(21:29 / Allies) YeTi: why ....
(21:35 / Allies) YeTi: lets attack towers with wyvs
(22:01 / All) TurtleKing: run noobie
(22:17 / All) TurtleKing: faaggot as wind walk faggot
(22:20 / Allies) YeTi: fuck the bm god damn
(22:45 / All) CaliSwag: yellow is mad
(22:53 / All) TurtleKing: You're a level 1 harassing retard
(22:58 / All) TurtleKing: Got super fucking lucky against 1-3 red
(23:02 / All) TurtleKing: woudln't even repair
(23:08 / All) CaliSwag: you loose yellow
(23:12 / All) TurtleKing: LOL
(23:14 / All) TurtleKing: no I don't
(23:16 / Allies) YeTi: you have 10 k ....
(23:19 / All) CaliSwag: you loose
(23:44 / All) Newbs-: what yellow has a loose one?
(23:55 / All) TurtleKing: your mom does
(24:00 / All) TurtleKing: from fucking your nigger stepdaddy
(24:51 / Allies) masterofsex: we gon lose...
(24:56 / All) TurtleKing: beat it!
(24:58 / All) CaliSwag: lol
(25:02 / All) CaliSwag: blue killed me
(25:09 / All) TurtleKing: I did you knob!
(25:10 / All) TurtleKing: leave!
(25:13 / All) Newbs-: blue is a chimp
(25:15 / All) Newbs-: not that smart
(25:18 / All) CaliSwag: you loose
(25:34 / Allies) YeTi: yellow use your gold ffs
(26:02 / All) Newbs-: gg, blue and teal are rejects
(26:11 / All) SANE-SOUL: no im not
(26:14 / All) SANE-SOUL: scum dawg #1
(27:58 / All) TurtleKing: A MOVE TANKLS LOL
(28:10 / All) TurtleKing: YOU ARE GOOD
(28:38 / All) TurtleKing: Now leave
(28:40 / Allies) YeTi: yellow !!!!!!!!!!
(28:45 / All) CaliSwag: you loose
(28:53 / All) TurtleKing: you illiterate
(29:04 / Allies) YeTi: wow you really are fucking stupid
(29:30 / Allies) YeTi: time to unsummon
(29:47 / All) SANE-SOUL: dont be a spoil sport oj
(29:50 / All) SANE-SOUL: u lost fair and square
(30:39 / All) YeTi: teammates are retarded
(31:21 / All) YeTi: 6 griffs and 12k gold so pro
(31:42 / All) masterofsex: hes doing that on purpose.
(31:57 / All) SANE-SOUL: u are a great player, newbs-
(32:00 / All) Newbs-: teal is a chimp
(32:06 / All) SANE-SOUL: scum dawg #1
(32:06 / All) Newbs-: ghetto newb
(32:15 / All) SANE-SOUL: lawl
(32:19 / All) SANE-SOUL: let me coyp paste
(32:21 / All) SANE-SOUL: u
(32:22 / All) SANE-SOUL: niglet
(32:57 / All) SANE-SOUL: wow i go afk
(33:00 / All) SANE-SOUL: for 5 sec and die
(33:20 / All) SANE-SOUL: 37:10 / Allies) Newbs-: you will see(37:17 / Allies) Newbs-: fag mouth kid
(33:31 / All) SANE-SOUL: (36:40 / Allies) Newbs-: dumb nigger(36:53 / Allies) Newbs-: change your account name fagget
(33:36 / All) YeTi: lol
(33:38 / All) Newbs-: teal is fat ghetto chimp
(33:44 / All) SANE-SOUL: yellows the one
(33:48 / All) SANE-SOUL: who owned u that agame
(34:10 / All) Newbs-: teal is a fat ass ghetto chimp
(35:24 / All) SANE-SOUL: rez ur god damn hero purple fuck
(39:33 / All) TurtleKing: tank faggot
(39:40 / Allies) masterofsex: oj u have any gold?
(39:49 / All) YeTi: mhm
(39:55 / Allies) masterofsex: can i have like 100
(40:07 / Allies) masterofsex: thx
(40:46 / All) SANE-SOUL: lawl
(41:30 / All) Newbs-: I took out teal for y ou
(41:34 / All) Newbs-: you can win now
(41:48 / All) SANE-SOUL: really i only 11k left
(41:49 / All) TurtleKing: good job you irrelevant retard
(42:00 / All) Newbs-: teal is too big of a chimp
(42:09 / All) Newbs-: for it to hav any common sense
(42:10 / All) SANE-SOUL: is it not obvious we played against u just the other day
(42:21 / All) Newbs-: and I whooped your ass too
(42:33 / All) Newbs-: teal is butt hurt from the beat down I gave him the other day
(42:46 / All) SANE-SOUL: i did nothing but tower u didnt even touch me lawl
(42:52 / All) SANE-SOUL: yellows the one who beat u down
(42:56 / All) Newbs-: teal is nothing but a fat little bitcch
(43:04 / All) Newbs-: nothing more nothing less
(43:11 / All) SANE-SOUL: u shouldnt be angry at me be angry at yellow
(44:50 / All) TurtleKing: Go ahead and exit this contest green
(45:00 / All) TurtleKing: there's no point in you being around
(45:14 / All) CaliSwag: ok
(45:25 / All) TurtleKing: be seeing you, newbie
(48:16 / Allies) masterofsex: he wouldnt have caught u oj...
(49:43 / All) CaliSwag: lol
(49:45 / All) CaliSwag: teal
(50:01 / Allies) masterofsex: gold oj
(50:06 / Allies) masterofsex: for mana
(50:22 / Allies) TurtleKing: orange
(50:25 / Allies) TurtleKing: why don't you just cut down a tree
(50:33 / Allies) TurtleKing: with attack
(50:39 / All) TurtleKing: low ell game
(51:45 / All) YeTi: curious too see ur score lol
(52:25 / All) YeTi: 25k lol
(52:58 / All) TurtleKing: Huginn sounds lewd
(53:42 / All) YeTi: ....
(55:57 / All) CaliSwag: you loose teal
(55:57 / All) YeTi: lol
(56:17 / All) CaliSwag: run teal
(56:34 / All) masterofsex: gonna kick back and jerk off now
(56:46 / All) CaliSwag: you loose teal
(56:50 / All) CaliSwag: freakins suck!
(57:11 / All) SANE-SOUL: people surprise me
(57:14 / All) TurtleKing: why do so many retards on bnet spell "lose" as "loose"?
(57:19 / All) SANE-SOUL: if they havent figured it out by now they never will
(57:31 / All) masterofsex: cuz maybe a typo fool
(57:37 / All) TurtleKing: not 100 times in a row
(57:41 / All) CaliSwag: you suck dick teal
(57:43 / All) SANE-SOUL: i thought u were jerking off
(57:45 / All) masterofsex: yes 100 times in a row
(57:49 / All) masterofsex: i am
(57:57 / All) TurtleKing: No, he doesn't know the difference between teh two
(58:01 / All) SANE-SOUL: to his mountain king?
(58:14 / All) masterofsex: to women older than 45
(58:17 / All) TurtleKing: Orange is on the run from the long arm of the law
(58:32 / All) CaliSwag: yellow thinks he is the spelling police
(58:35 / All) CaliSwag: pohlice
(58:44 / All) TurtleKing: I'm just pointing out that you are illiterate
(58:47 / All) CaliSwag: but not my fault yellow is a nerd
(58:52 / All) masterofsex: wish i could send pic messages on here.
(58:53 / All) TurtleKing: 95 IQ max
(58:54 / All) CaliSwag: all he knows is wc
(59:04 / All) SANE-SOUL: what would u send us pink
(59:08 / All) CaliSwag: you have 0
(59:16 / All) masterofsex: me
(59:17 / All) CaliSwag: yellow= zero vagina
(59:19 / All) TurtleKing: Teal you can run but you can't hide
(59:23 / All) masterofsex: different parts of my body
(59:26 / All) TurtleKing: green = zero vagina
(59:33 / All) TurtleKing: but me = fucking green's mom
(59:49 / All) YeTi: two fags plays as one thats cute
(59:50 / All) SANE-SOUL: why would we want pics of u
(59:52 / All) SANE-SOUL: pink
(59:57 / All) SANE-SOUL: we are brothers
(60:00 / All) SANE-SOUL: i am the one with tits
(60:02 / All) masterofsex: i dont care
(60:04 / All) YeTi: gay brothers haha
(60:07 / All) masterofsex: i would send u them
(60:18 / All) SANE-SOUL: why tell us this tho pink
(60:20 / All) masterofsex: oj u have never played in a game like this one have u..
(60:22 / All) SANE-SOUL: what purpose does it serve
(60:27 / All) masterofsex: i get off
(60:37 / All) masterofsex: thats my purpose
(60:45 / All) YeTi: where two cock lovers become friends no i have not
(60:47 / All) SANE-SOUL: how many times pink
(60:50 / All) SANE-SOUL: have we done this to u
(60:54 / All) masterofsex: i am asexual
(61:05 / All) masterofsex: idk
(61:40 / All) YeTi: would be jokes if i made you both drop
(61:45 / All) CaliSwag: lol
(61:52 / All) CaliSwag: teal sucks
(61:53 / All) YeTi: drop hack you lame asses
(61:53 / All) masterofsex: he is threatening
(61:55 / All) SANE-SOUL: it wouldnt matter to me actually
(62:03 / All) SANE-SOUL: drop hack means we did our job
(62:05 / All) masterofsex: its just bnet games ...
(62:11 / All) YeTi: you dont have a job
(62:14 / All) masterofsex: people get mad on here
(62:18 / All) YeTi: hence this type of play
(62:24 / All) SANE-SOUL: my uncle is in law enforcement he would arrest u
(62:30 / All) SANE-SOUL: he is a security guard at wal mart
(62:32 / All) SANE-SOUL: biatch
(62:35 / All) YeTi: id fucking him up with my sks
(62:41 / All) YeTi: bayonet his bitch ass
(62:46 / All) TurtleKing: how is any different than playing for a record ya dummy
(62:53 / All) masterofsex: im from burb of chicago. hello.
(63:06 / All) SANE-SOUL: michael jordan in the house
(63:19 / All) masterofsex: idk if he is in a house now or not
(63:31 / All) TurtleKing: unfortunate
(64:40 / All) SANE-SOUL: recommend me a good movie
(64:50 / All) masterofsex: gone girl
(64:56 / All) masterofsex: Lego Movie
(64:59 / All) SANE-SOUL: that shitty one with
(65:03 / All) SANE-SOUL: Ben affleck
(65:04 / All) YeTi: sleepless in seattle you love that gay shit
(65:17 / All) masterofsex: its a great movie. if you have a shitty taste in movies
(65:20 / All) SANE-SOUL: meg ryan was the hottest chick of the 90's
(65:22 / All) TurtleKing: rush
(65:29 / All) YeTi: meg ryan is a butch slut
(65:47 / All) YeTi: looks like a tranny
(65:51 / All) YeTi: you must be into that
(65:52 / All) SANE-SOUL: i like lord of the rings and star wars, the original
(66:03 / All) masterofsex: Rosie O'donell was the hottest
(66:17 / All) SANE-SOUL: 30 hp
(66:18 / All) YeTi: lol
(66:19 / All) SANE-SOUL: skill
(67:05 / All) masterofsex: dong lovers
(67:42 / All) SANE-SOUL: yellow is rutheless
(68:00 / All) YeTi: thats what happens when you watch too many meg ryan movies
(68:07 / All) masterofsex: im seriously naked right now
(68:11 / All) SANE-SOUL: u got mail
(68:14 / All) YeTi: lol
(68:28 / All) masterofsex: it was a romantic movie that sleepless in seattle movie.
(68:31 / All) TurtleKing: i don't think I've ever seen a meg ryan movie
(68:31 / All) YeTi: tom hanks killed it
(68:37 / All) YeTi: lmfao
(68:38 / All) TurtleKing: only romcom I like is amelie
(68:38 / All) SANE-SOUL: tom hanks is a beast actor
(68:51 / All) SANE-SOUL: family guy makes fun of her breasts i have no idea y
(68:56 / All) SANE-SOUL: i like small breasts in awoman
(69:05 / All) masterofsex: matches dick size?
(69:07 / All) YeTi: lol reminds you of a man
(69:25 / All) masterofsex: how big is everyone in here btw?
(69:33 / All) SANE-SOUL: 5'11 250
(69:39 / All) masterofsex: no dick size
(69:43 / All) YeTi: obese for your height haha
(69:43 / All) SANE-SOUL: oh
(69:45 / All) SANE-SOUL: not sure
(69:56 / All) SANE-SOUL: i dont measure it no need
(70:08 / All) masterofsex: im about 5 3/5 inches
(70:15 / All) masterofsex: i needed to messure
(70:23 / All) masterofsex: for my well being
(70:50 / All) YeTi: hero kills 102
(70:51 / All) YeTi: lol
(71:04 / All) SANE-SOUL: we're just entertaining the people
(71:20 / All) YeTi: 103
(71:22 / All) masterofsex: i would set my balls on the table if i was there
(71:46 / All) masterofsex: are you guys men or women?
(71:53 / All) SANE-SOUL: while male
(71:59 / All) TurtleKing: THAT'S JUST A SOCIAL CONSTRUCT
(72:03 / All) SANE-SOUL: look like john candy
(72:04 / All) masterofsex: how bout you orange
(73:24 / All) TurtleKing: here comes the payload
(73:26 / All) SANE-SOUL: hobbit duel
(73:31 / All) SANE-SOUL: payload my face plz
(73:32 / All) YeTi: feel like im watching dota lol
(73:51 / All) masterofsex: Ashley Madison
(73:56 / All) SANE-SOUL: ur certainly watching something all right
(74:01 / All) TurtleKing: who is that
(74:03 / All) SANE-SOUL: who is that i someone with that acct name
(74:05 / All) TurtleKing: there was someone with that name playing
(74:06 / All) YeTi: christy mack
(74:21 / All) masterofsex: ashley madison is a hook up website
(74:52 / All) SANE-SOUL: farmers only
(74:55 / All) YeTi: yo give me 35g
(74:56 / All) YeTi: lol
(75:01 / All) YeTi: 35k
(75:16 / All) YeTi: and we lose congrats
(75:24 / All) masterofsex: gg
(75:29 / All) YeTi: all me
(75:32 / All) SANE-SOUL: u earned this gentlemen
(75:51 / All) YeTi: who am i gonna talk about meg ryan with now
(75:58 / All) masterofsex: urself
(76:01 / All) YeTi: :(
(76:03 / All) SANE-SOUL: we'll prob match u tomororw night
(76:06 / All) SANE-SOUL: we'll mention her
(76:22 / All) SANE-SOUL: menal note to self: yeta meg ryan
(76:28 / All) YeTi: haha
(76:47 / All) SANE-SOUL: gonna rape that last tower
(77:09 / All) YeTi: ill prob tk you both whenever we play lol
(77:24 / All) TurtleKing: you sure won't
(77:30 / All) YeTi: sure will
(77:32 / All) TurtleKing: Sure won't
(77:35 / All) SANE-SOUL: we have the element of surprise on our side
(77:40 / All) YeTi: not at first but sneakly
(77:53 / All) SANE-SOUL: u cant be sneakly against the sneaksters
(78:05 / All) TurtleKing: You won't know it's us
(78:11 / All) TurtleKing: Until it's too late
(78:15 / All) YeTi: lol
(78:31 / All) SANE-SOUL: i finished the first book of game of thrones i am proud
(79:14 / All) YeTi: give me gold
(79:17 / All) YeTi: before it ends
(79:24 / All) SANE-SOUL: for
(79:29 / All) YeTi: the stats
(79:31 / All) YeTi: lol
(79:36 / All) YeTi: 35k shared
(79:44 / All) YeTi: bahaha
(79:47 / All) YeTi: finish him
(79:59 / All) TurtleKing: Good game fellas